 Dungeon Crawl Stone Soup version 0.28.0-1-gb440e238dd (webtiles) character file.

Game seed: 10038979088966227936

37 fknight the Chopper (level 3, -18/33 HPs)
             Began as a Hill Orc Monk on Feb 27, 2022.
             Engulfed by a cloud of flame (27 damage)
             ... on level 2 of the Dungeon.
             The game lasted 00:05:35 (2000 turns).

fknight the Chopper (Hill Orc Monk)                 Turns: 2000, Time: 00:05:35

Health: -18/33     AC:  3    Str: 15    XL:     3   Next: 41%
Magic:  3/3        EV: 12    Int: 16    God:
Gold:   100        SH:  0    Dex: 13    Spells: 2/2 levels left

rFire   . . .      SeeInvis .   a - +0 hand axe
rCold   . . .      Faith    .   (no shield)
rNeg    . . .      Spirit   .   c - +0 leather armour
rPois   .          Reflect  .   (no helmet)
rElec   .          Harm     .   (no cloak)
rCorr   .          Rampage  .   (no gloves)
Will    .....                   (no boots)
Stlth   ++........              (no amulet)
HPRegen 0.11/turn               m - +6 ring of intelligence
MPRegen 0.08/turn               (no ring)

@: no status effects
A: no striking features
a: no special abilities


You were on level 2 of the Dungeon.
You visited 1 branch of the dungeon, and saw 2 of its levels.

You collected 100 gold pieces.

Inventory:

Hand Weapons
 a - a +0 hand axe (weapon)
 g - a +1 dagger of holy wrath
Missiles
 i - 22 stones (quivered)
 k - 21 sling bullets
Armour
 b - a +0 robe
 c - a +0 leather armour (worn)
Jewellery
 l - a ring of ice
 m - a +6 ring of intelligence (left hand)
Scrolls
 j - a scroll of summoning {unknown}
Potions
 d - a potion of heal wounds {unknown}
 e - a potion of brilliance {unknown}
 f - a potion of lignification {unknown}
 h - 3 potions of flight {unknown}


   Skills:
 + Level 4.1 Fighting
 + Level 4.5 Axes
 + Level 2.7 Dodging
 + Level 2.1 Stealth


You had 2 spell levels left.
You didn't know any spells.
Your spell library contained the following spells:

 Spells                   Type           Power      Damage    Failure   Level
 Sting                    Tmut/Pois      0%         1d3       30%         1
 Poisonous Vapours        Pois/Air       0%         N/A       43%         2
 Olgreb's Toxic Radiance  Pois           0%         N/A       97%         4


Dungeon Overview and Level Annotations

Branches:
Dungeon (2/15)

Altars:

Shops:
D:2 *


Message History

i - 22 stones (gained 1)
i - 24 stones (gained 2)
i - 25 stones (gained 1)
Found 15 bolts.
Found a stone staircase leading up.
You see here 15 bolts.
There is a stone staircase leading up here.
m - a +6 ring of intelligence
There are no items here.
You feel clever.
m - a +6 ring of intelligence (left hand)
Found a faded altar of an unknown god.
A dart slug comes into view.
Found 4 atropa-tipped darts and 14 gold pieces.
There is a faded altar of an unknown god here.
You throw a stone.
The stone hits the dart slug but does no damage.
You throw a stone. The stone hits the dart slug.
The dart slug is lightly wounded.
You throw a stone. The stone hits the dart slug.
The dart slug is moderately wounded.
The dart slug is engulfed in blazing flames.
The dart slug dies!
There is a faded altar of an unknown god here.
Found a leather armour and 17 gold pieces.
Found a scroll labelled RUYRGH RUZOPRI and a chain mail.
There is a stone staircase leading up here.
You see here 15 bolts.
You now have 100 gold pieces (gained 8).
There is a stone staircase leading down here.
Partly explored, can't reach some items and places.
Partly explored, can't reach some items and places.
Really walk into a travel-excluded area?
Uppercase [Y]es or [N]o only, please.
Really walk into a travel-excluded area?
You are engulfed in blazing flames.
Ouch! That really hurt!
* * * LOW HITPOINT WARNING * * *
You are engulfed in blazing flames.
Ouch! That really hurt!
You die...

#.# #. #.# #. #.#
#☼§ #.# #☼○§ #.#
#####...###### ##.#
##.°○..?[..°☼§.##
#...
#..§☼§.[$..§§§..#
##.#
#..§§..(.$.§@§..#
#.#
#.#####..(#####.#
#.# #.# #§§.# #.##
#.# #.# #.§§#
#..##########.. #.#
#§§☼#
#...........###
#.#####...#
###....####..<..(
#.........###.#...##
#.#.###
#######_......##.##
#.#.### #.##########
#.#..##


There were no monsters in sight!

Vanquished Creatures
  An adder (D:2)
  2 worms (D:2)
  An endoplasm (D:1)
  A giant cockroach (D:2)
  2 goblins
  3 hobgoblins
  2 quokkas (D:1)
  A ball python (D:1)
  4 bats
  A frilled lizard (D:1)
  2 kobolds (D:1)
  3 rats
23 creatures vanquished.

Vanquished Creatures (others)
  A dart slug (D:2)
1 creature vanquished.

Grand Total: 24 creatures vanquished

Notes
Turn   | Place    | Note
-------+----------+-------------------------------------------
     0 | D:1      | fknight the Hill Orc Monk began the quest for the Orb.
     0 | D:1      | Reached XP level 1. HP: 19/19 MP: 1/1
   257 | D:1      | Reached XP level 2. HP: 22/27 MP: 2/2
  1133 | D:2      | Found Xydeim's General Store.
  1328 | D:2      | Found Buhaepy's Assorted Antiques.
  1340 | D:2      | Reached XP level 3. HP: 33/33 MP: 3/3
  1624 | D:2      | Found a faded altar of an unknown god.
  2000 | D:2      | Engulfed by a cloud of flame

Illustrated notes

Levels and vault maps discovered:
D:1:      beargit_arrival_diablo_church, layout_loops_ring
D:2:      layout_loops_cross, serial_shops, nicolae_shop_waterfront, shop,
          basic_ecumenical_altar, lemuel_flame_loot_1

Skill      XL: |  1  2 |
---------------+-------+-----
Fighting       | 4 |  4.1
Stealth        | 2 |  2.1
Axes           | |  4.5
Dodging        | |  2.7

Action                   || total
-------------------------++-------
Melee: Hand axe          ||    87
       Punch             ||     1
Throw: Stone             ||    27
 Stab: Sleeping          ||     3
Armor: Leather armour    ||    11
Dodge: Dodged            ||    52
